 Dungeon Crawl Stone Soup version 0.19-a0-1225-gf887c1c (webtiles) character file.

798 Gorice the Slicer (level 8, 0/41 HPs)
             Began as a Kobold Enchanter on Aug 25, 2016.
             Killed from afar by an orc wizard (2 damage)
             ... with a puff of frost
             ... on level 5 of the Dungeon.
             The game lasted 00:26:14 (5504 turns).

Gorice the Slicer (Kobold Enchanter)                Turns: 5504, Time: 00:26:15

Health: 0/41       AC:  6    Str:  6    XL:     8   Next: 13%
Magic:  0/11       EV: 15    Int: 15    God:
Gold:   275        SH:  0    Dex: 17    Spells: 2 memorised, 7 levels left

rFire  + . .     SeeInvis .     C - +2 dagger (chaos)
rCold  . . .     Gourm    .     q - +1 robe
rNeg   . . .     Faith    .     (shield restricted)
rPois  .         Spirit   .     e - +0 helmet
rElec  .         Dismiss  .     H - +0 cloak
rCorr  .         Reflect  .     (no gloves)
MR     .....     Harm     .     (no boots)
Stlth  +++.......               (no amulet)
                                n - +1 ring of protection
                                m - ring of protection from fire

@: no status effects
A: carnivore 3
a: no special abilities


You were on level 5 of the Dungeon.
You were very full.

You visited 2 branches of the dungeon, and saw 6 of its levels.

You collected 275 gold pieces.

Inventory:

Hand Weapons
 a - a +1 dagger
 b - a +0 hunting sling
 p - a +0 long sword
 u - a +0 flail
 C - a +2 dagger of chaos (weapon)
   (You took it off a crimson imp on level 3 of the Dungeon)
 I - a +0 short sword
 M - a +0 blowgun
Missiles
 k - 8 needles of sleeping
 o - 25 poisoned needles
 B - 26 sling bullets
 Y - a throwing net
 Z - 71 stones (quivered)
Armour
 e - a +0 helmet (worn)
 i - a +0 ring mail
 q - a +1 robe (worn)
 r - a -2 pair of boots
 H - a +0 cloak (worn)
Jewellery
 m - a ring of protection from fire (left hand)
 n - a +1 ring of protection (right hand)
Wands
 E - a wand of flame (30/48)
 K - a wand of slowing (18/48)
Scrolls
 j - a scroll of fog {unknown}
 t - 2 scrolls of amnesia
 y - 4 scrolls of remove curse
 A - 2 scrolls of teleportation {!r}
 G - a scroll of fear {!r}
 J - a scroll of noise {unknown}
Potions
 f - a potion of flight
 h - 5 potions of curing
 l - 3 potions of agility {!q}
 s - 2 potions of heal wounds {unknown}
 v - 2 potions of berserk rage {unknown}
 x - 2 potions of degeneration {unknown}
 z - a potion of ambrosia {unknown}
 D - a potion of cure mutation {unknown}
 L - a potion of might {unknown}
 N - a potion of cancellation {unknown}
Books
 c - a book of Maledictions
Comestibles
 d - 4 meat rations {!e}
 g - 2 beef jerkies
 w - 2 slices of pizza
 F - 4 chunks of flesh


   Skills:
 + Level 8.1 Short Blades
 - Level 2.4 Dodging
 - Level 4.0 Stealth
 - Level 2.0 Spellcasting
 + Level 6.6 Hexes


You had 7 spell levels left.
You knew the following spells:

 Your Spells              Type           Power        Failure   Level  Hunger
a - Corona                Hex            ###....      1%          1    #......
b - Confuse               Hex            ###.....     4%          3    ###....


Dungeon Overview and Level Annotations

Branches:
Dungeon (5/15)             Temple (1/1) D:5

Altars:
Ashenzari
Cheibriados
Dithmenos
Elyvilon
Fedhas
Gozag
Kikubaaqudgha
Nemelex Xobeh
Qazlal
Sif Muna
Trog
Uskayaw
Xom
Lugonu

Shops:
D:5 =


Innate Abilities, Weirdness & Mutations

You are small and have problems with some larger weapons.
You are carnivorous and can eat meat at any time.


Message History

The puff of flame hits you! You resist.
* * * LOW HITPOINT WARNING * * *
Damage: 2 (max 9) Unknown command.
You feel better.
The orc wizard points at you and mumbles some strange words.
The magic dart hits you!
* * * LOW HITPOINT WARNING * * *
Damage: 1 (max 9) Unknown command.
Casting: Corona
Confirm with . or Enter, or press ? or * to list all spells.
You don't have enough magic to cast that spell.
Unknown command.
The orc wizard closely misses you.
You hit the orc wizard. You burn the orc wizard.
The orc wizard is moderately wounded.
The orc wizard hits you but does no damage.
You barely miss the orc wizard.
The orc wizard is moderately wounded.
The orc wizard hits you but does no damage.
Casting: Corona
Confirm with . or Enter, or press ? or * to list all spells.
Aiming: Corona
Press: ? - help, Shift-Dir - straight line, f - orc wizard
Aim: an orc wizard, wielding an antimagic dagger and wearing a robe (moderately wounded, fast, chance to defeat MR: 60%)
The orc wizard is outlined in light.
The orc wizard points at you and mumbles some strange words.
The puff of frost hits you!
* * * LOW HITPOINT WARNING * * *
Damage: 5 (max 9)
You hit the orc wizard but do no damage.
The orc wizard is moderately wounded.
The orc wizard hits you with an antimagic dagger.
* * * LOW HITPOINT WARNING * * *
Damage: 1 (max 9) Unknown command.
Evoke which item? (* to show all) (? for menu, Esc to quit)
Zapping:
E - a wand of flame (will waste charges)
Press: ? - help, Shift-Dir - straight line, f/p - orc wizard
Aim: an orc wizard, wielding an antimagic dagger and wearing a robe (moderately wounded, fast, softly glowing)
The puff of flame hits the orc wizard.
The orc wizard is almost dead.
Evoking this partially-identified wand wasted a few charges.
The orc wizard hits you with an antimagic dagger.
* * * LOW HITPOINT WARNING * * *
You feel your power leaking away. The orc wizard casts a spell at you.
The puff of frost hits you!
You die...

#..##.##.##.# .#
##.####.
#..##.##.##.###.#
#.####.
#...............#
#......
#.###..#.##.....#
##..... #. #....##.#...#
#..... #. #...........#
##.... #. ####)##.#...#
#.... #†.##..#..# ##.#.
#..o@.....# #...
#)........# ##..
#######.##############..
........................
#######.#############..>
#.# #.#. #.# #.#. #.#
#.#. #.# #####.#.


You could see an orc wizard.

Vanquished Creatures
  A phantom (D:4)
  An ogre (D:4)
  A giant frog (D:4)
  2 crimson imps (D:3)
  Crazy Yiuf (D:4)
  3 orc priests
  3 orc wizards (D:5)
  Jessica (D:3)
  A worker ant (D:4)
  A hound skeleton (D:5)
  8 adders
  A shadow imp (D:5)
  2 adder skeletons (D:4)
  2 worms
  13 dart slugs
  A giant gecko (D:5)
  15 orcs
  6 giant cockroaches
  6 goblins
  8 hobgoblins
  7 jackals
  2 kobolds
  A quokka (D:2)
  3 ball pythons
  12 bats
  A giant gecko skeleton (D:4)
  2 giant newts
  A quokka skeleton (D:5)
  13 rats
  2 fungi (D:4)
121 creatures vanquished.

Notes
Turn   | Place    | Note
-------+----------+-------------------------------------------
     0 | D:1      | Gorice the Kobold Enchanter began the quest for the Orb.
     0 | D:1      | Reached XP level 1. HP: 10/10 MP: 3/3
   125 | D:1      | Reached skill level 2 in Short Blades
   479 | D:1      | Reached XP level 2. HP: 15/15 MP: 1/5
   911 | D:1      | Reached skill level 3 in Short Blades
  1045 | D:1      | Reached XP level 3. HP: 16/19 MP: 4/6
  1050 | D:1      | Learned a level 3 spell: Confuse
  1743 | D:2      | Reached skill level 4 in Short Blades
  1743 | D:2      | Reached XP level 4. HP: 15/24 MP: 0/7
  2550 | D:3      | Reached skill level 4 in Hexes
  2550 | D:3      | Reached XP level 5. HP: 28/28 MP: 8/8
  2725 | D:3      | Noticed Jessica
  2751 | D:3      | Killed Jessica
  2751 | D:3      | Reached skill level 5 in Short Blades
  2959 | D:3      | Found a sparkling altar of Nemelex Xobeh.
  2962 | D:3      | Found a white marble altar of Elyvilon.
  2965 | D:3      | Found a bloodstained altar of Trog.
  3158 | D:3      | Found a shimmering altar of Xom.
  3267 | D:3      | Reached XP level 6. HP: 32/32 MP: 2/9
  3408 | D:4      | Noticed a phantom
  3421 | D:4      | Killed a phantom
  3421 | D:4      | Reached skill level 6 in Short Blades
  3421 | D:4      | Reached skill level 5 in Hexes
  4033 | D:4      | Found a runed door.
  4037 | D:4      | Noticed Crazy Yiuf
  4044 | D:4      | Killed Crazy Yiuf
  4119 | D:3      | Reached XP level 7. HP: 33/36 MP: 8/10
  4472 | D:4      | Reached skill level 7 in Short Blades
  4646 | D:4      | Reached skill level 6 in Hexes
  4800 | D:5      | Entered Level 5 of the Dungeon
  4836 | D:5      | Found an opulent altar of Gozag.
  5254 | D:5      | Found Vochos's Jewellery Emporium.
  5276 | D:5      | Reached XP level 8. HP: 41/41 MP: 6/11
  5323 | D:5      | Reached skill level 8 in Short Blades
  5333 | D:5      | Found a staircase to the Ecumenical Temple.
  5344 | Temple   | Entered the Ecumenical Temple
  5479 | D:5      | HP: 12/41 [orc priest/divine providence (9)]
  5502 | D:5      | HP: 8/41 [orc wizard/puff of frost (5)]
  5504 | D:5      | HP: 2/41 [orc wizard/antimagic dagger (5)]
  5504 | D:5      | Killed from afar by an orc wizard

Vault maps used:
D:1:      enne_arrival_octagon_isle, minmay_misc_feat_x, minivault_23
D:2:      first_bread
D:3:      grunt_temple_overflow_diamond, led_xom_imps, uniq_jessica
D:4:      uniq_crazy_yiuf_cottage
D:5:      kennysheep_slugbush, lemuel_crystal_altar, serial_shops, shop,
          hangedman_abyss_or_decor_lesser_grid, kennysheep_generic_room_16
Temple:   corrupted_temple

Skill      XL: |  1  2  3  4  5  6  7  8 |
---------------+-------------------------+-----
Short Blades   | 2 3 4 5 6 7 8 |  8.1
Hexes          | 4 5 6 |  6.6
Dodging        | |  2.4
Stealth        | |  4.0
Spellcasting   | |  2.0

Action                   |  1- 3 |  4- 6 |  7- 9 || total
-------------------------+-------+-------+-------++-------
Melee: Dagger            |   149 |   233 |   127 ||   509
 Fire: Hunting sling     |       |     1 |       ||     1
Throw: Stone             |     4 |       |       ||     4
 Cast: Corona            |    34 |    28 |     5 ||    67
       Confuse           |     2 |    11 |    16 ||    29
Evoke: Wand              |       |       |     1 ||     1
  Use: Scroll            |     2 |     6 |     2 ||    10
       Potion            |       |       |     2 ||     2
 Stab: Sleeping          |     8 |    13 |     4 ||    25
       Confused          |       |     6 |    10 ||    16
       Distracted        |       |       |     1 ||     1
       Petrified         |       |       |     1 ||     1
  Eat: Chunk             |    12 |     9 |     7 ||    28
Armor: Robe              |    32 |    12 |    11 ||    55
       Ring mail         |       |    17 |       ||    17
Dodge: Dodged            |   129 |   117 |    54 ||   300

Table legend:
 A = Turns spent in this place as a percentage of turns spent in the entire game.
 B = Non-inter-level travel turns spent in this place as a percentage of non-inter-level travel turns spent in the entire game.
 C = Inter-level travel turns spent in this place as a percentage of turns spent in this place.
 D = Turns resting spent in this place as a percentage of non-inter-level travel turns spent in this place.
 E = Turns spent auto-exploring this place as a percentage of non-inter-level travel turns spent in this place.
 F = Non-inter-level travel turns spent in this place divided by the number of levels of this place that you've seen.
                   A       B       C       D       E      F
               +-------+-------+-------+-------+-------+----------------------
         Total | 100.0 | 100.0 |   0.4 |   1.9 |   3.8 | 398.2
       Dungeon |  97.9 |  97.9 |   0.3 |   2.0 |   3.9 | 467.8
        Temple |   2.1 |   2.1 |   2.0 |   0.0 |   0.0 |  50.0
               +-------+-------+-------+-------+-------+----------------------

Vault maps used:
D:1:      enne_arrival_octagon_isle, minmay_misc_feat_x, minivault_23
D:2:      first_bread
D:3:      grunt_temple_overflow_diamond, led_xom_imps, uniq_jessica
D:4:      uniq_crazy_yiuf_cottage
D:5:      kennysheep_slugbush, lemuel_crystal_altar, serial_shops, shop,
          hangedman_abyss_or_decor_lesser_grid, kennysheep_generic_room_16
Temple:   corrupted_temple
